 Dungeon Crawl Stone Soup version 0.26-a0-154-g3d63440f56 (webtiles) character file.

Game seed: 2801949480552448060

3076 Gargoyl the Chopper (level 9, -2/74 HPs)
             Began as a Centaur Abyssal Knight on July 2, 2020.
             Was an Elder of Lugonu.
             Splashed by Joseph's acid (10 damage)
             ... on level 7 of the Dungeon.
             The game lasted 00:10:04 (9570 turns).

Gargoyl the Chopper (Centaur Abyssal Knight)        Turns: 9570, Time: 00:10:05

Health: -2/74      AC: 10    Str: 23    XL:     9   Next: 58%
Magic:  9/13       EV:  5    Int: 11    God:    Lugonu [****..]
Gold:   263        SH:  0    Dex: 10    Spells: 8/8 levels left

rFire    + . .     SeeInvis .   g - +3 war axe
rCold    . . .     Faith    .   (no shield)
rNeg     . . .     Spirit   .   d - +0 chain mail
rPois    .         Reflect  .   b - +2 helmet
rElec    .         Harm     .   n - +0 cloak
rCorr    .         Clarity  +   (no gloves)
MR       +....                  i - +0 centaur barding
Stlth    ..........             (no amulet)
HPRegen  0.22/turn              t - ring of protection from fire
MPRegen  0.13/turn              y - +6 ring of strength

@: corroded, very quick
A: large, hooves 3, clarity, deformed body, speed 2, magic resistance 1, tough
skin 3
a: Depart the Abyss, Bend Space, Banish, Corrupt, Renounce Religion


You were on level 7 of the Dungeon.
You worshipped Lugonu.
Lugonu was greatly pleased with you.
You were hungry.

You visited 1 branch of the dungeon, and saw 7 of its levels.
You visited the Abyss 1 time.
You also visited: Ossuary.

You collected 423 gold pieces.
You spent 160 gold pieces at shops.

Inventory:

Hand Weapons
 g - a +3 war axe (weapon)
Missiles
 h - 6 boomerangs
 k - 15 javelins (quivered)
Armour
 b - a +2 helmet (worn)
 d - a +0 chain mail (worn)
 i - a +0 centaur barding (worn)
 n - a +0 cloak (worn)
Jewellery
 s - an uncursed ring of ice {unknown}
 t - a ring of protection from fire (left hand)
 y - a +6 ring of strength (right hand)
 z - a +6 ring of strength
Wands
 f - a wand of acid (13)
Scrolls
 a - a scroll of fear
 e - 3 scrolls of identify
 j - 2 scrolls of magic mapping
 m - 2 scrolls of blinking
 p - 5 scrolls of teleportation
 r - 5 scrolls of remove curse
 D - a scroll of brand weapon {unknown}
 E - a scroll of noise {unknown}
Potions
 l - 3 potions of haste
 o - 2 potions of mutation
 q - 3 potions of flight
 u - 2 potions of might
 v - a potion of stabbing {unknown}
 w - a potion of lignification {unknown}
 A - 2 potions of curing
 B - a potion of heal wounds {unknown}
 C - a potion of magic {unknown}
Comestibles
 c - 7 rations


   Skills:
 + Level 5.2 Fighting
 + Level 6.5 Axes
 + Level 1.6 Throwing
 * Level 6.1 Armour
 * Level 3.6 Dodging
 * Level 5.9 Invocations


You had 8 spell levels left.
You didn't know any spells.
Your spell library contained the following spells:

 Spells                   Type           Power        Failure   Level  Hunger
 Sting                    Tmut/Pois      #...         94%         1    ##.....
 Poisonous Vapours        Pois/Air       #.....       98%         2    ###....
 Ignite Poison            Fire/Tmut/Pois #.......     100%        3    ####...
 Mephitic Cloud           Conj/Pois/Air  #.......     100%        3    ####...
 Olgreb's Toxic Radiance  Pois           #.......     100%        4    #####..


Dungeon Overview and Level Annotations

Branches:
Dungeon (7/15)             Temple (0/1) D:4         Ossuary (visited)

Altars:
Nemelex Xobeh
Vehumet
Yredelemnul
Zin

Shops:
D:4 =*

Annotations:
D:7 Joseph


Innate Abilities, Weirdness & Mutations

You have hooves in place of feet.
Armour fits poorly on your strangely shaped body.
You cover ground very quickly.
You have extremely tough skin. (AC +3)
You possess an exceptional clarity of mind.
You are resistant to hostile enchantments. (MR+)


Message History

Joseph hits you but does no damage.
The crimson imp blinks!
You closely miss Joseph.
Joseph is moderately wounded.
Joseph hits you with a +0 quarterstaff!
You hit Joseph. Your kick misses Joseph.
Joseph is heavily wounded.
Joseph zaps a wand.
The bolt of acid hits you.
* * * LOW HITPOINT WARNING * * *
The acid corrodes you!
You are splashed with acid.
* * * LOW HITPOINT WARNING * * *
Joseph barely misses you.
You feel better.
Press: ? - help, Shift-Dir - straight line, f - Joseph
Aim: Joseph, wielding a +0 quarterstaff, wearing a +0 ring mail, quivering 37 sling bullets and carrying a wand of acid (4) (heavily wounded, chance to defeat MR: 71%) Joseph struggles to resist.
You are feeling hungry.
Joseph zaps a wand.
The bolt of acid hits you!
* * * LOW HITPOINT WARNING * * *
The acid corrodes you!
You are splashed with acid!
You die...

#.################ #.#
######### #.# ........#
#.# ........# #.#
........# #.# ........#
#.# ......... #.#
......... #@# .........
#@# #+######. #### #.#
#....#. #...##.#####
#....#. #..........#
#....#. #...(......#
#...... #..........# #
##.####
#............##.##.###.
#......................


You could see Joseph.

Vanquished Creatures
  Prince Ribbit (D:5)
  Menkaure (D:6)
  Edmund (D:4)
  A black bear (D:7)
  2 sky beasts
  2 ice beasts
  A phantom (D:5)
  2 ogres
  6 centaurs
  A big kobold (D:7)
  3 water moccasin zombies (Ossuary)
  3 wights (D:7)
  5 crimson imps
  A centaur zombie (D:7)
  3 hounds
  4 orc priests
  Crazy Yiuf (D:5)
  6 orc wizards
  3 worker ants
  6 big kobold zombies (Ossuary)
  3 mummies
  2 worker ant zombies
  4 gnolls (D:4)
  5 adders
  2 shadow imps
  An ooze (D:5)
  An adder skeleton (D:5)
  5 adder zombies
  A worm (D:3)
  2 dart slugs
  4 leopard geckos
  16 orcs
  6 giant cockroaches
  6 goblins
  6 hobgoblins
  3 jackals (D:2)
  10 kobolds
  A quokka (D:6)
  3 ball pythons
  7 bats
  7 frilled lizards
  5 gnoll zombies
  4 hobgoblin zombies (Ossuary)
  A jackal zombie (D:7)
  3 kobold zombies (Ossuary)
  6 orc zombies
  A quokka skeleton (D:4)
  5 rats
173 creatures vanquished.

Vanquished Creatures (others)
  An orc wizard (D:5)
1 creature vanquished.

Grand Total: 174 creatures vanquished

Notes
Turn   | Place    | Note
-------+----------+-------------------------------------------
     0 | Abyss:1  | Gargoyl the Centaur Abyssal Knight began the quest for the
                  | Orb.
     0 | Abyss:1  | Reached XP level 1. HP: 19/19 MP: 2/2
    54 | Abyss:1  | Found a corrupted altar of Lugonu.
    55 | Abyss:1  | Noticed a wretched star
   102 | Abyss:2  | Noticed a small abomination
   146 | Abyss:2  | Noticed a chaos spawn
   169 | Abyss:2  | Noticed a rakshasa
   178 | Abyss:2  | Noticed a small abomination
   178 | Abyss:2  | Noticed a starcursed mass
   180 | Abyss:2  | Noticed a tentacled starspawn
   181 | D:1      | Escaped the Abyss
   195 | D:1      | Noticed a minotaur skeleton
   374 | D:1      | Reached * piety under Lugonu
   471 | D:1      | Reached XP level 2. HP: 16/26 MP: 3/3
   996 | D:1      | Reached skill level 1 in Dodging
  1297 | D:2      | Reached XP level 3. HP: 30/31 MP: 4/4
  1547 | D:2      | Found a basalt altar of Yredelemnul.
  1644 | D:2      | Found a sparkling altar of Nemelex Xobeh.
  1746 | D:2      | Reached ** piety under Lugonu
  2253 | D:3      | Reached XP level 4. HP: 38/38 MP: 5/5
  3148 | D:4      | Noticed a phantom
  3275 | D:3      | Found a radiant altar of Vehumet.
  3402 | D:4      | Found a staircase to the Ecumenical Temple.
  3408 | D:4      | Found Furegaats's Jewellery Emporium.
  3413 | D:4      | Found Jingatz's Assorted Antiques.
  3421 | D:4      | Bought a scroll of teleportation for 60 gold pieces
  3421 | D:4      | Bought a scratched granite ring for 100 gold pieces
  3473 | D:4      | Reached XP level 5. HP: 13/45 MP: 7/7
  4136 | D:5      | Entered Level 5 of the Dungeon
  4136 | D:5      | Noticed Edmund
  4165 | D:4      | Killed Edmund
  4165 | D:4      | Reached XP level 6. HP: 16/52 MP: 8/8
  4915 | D:5      | Reached XP level 7. HP: 41/58 MP: 9/9
  5306 | D:5      | Reached skill level 1 in Throwing
  5548 | D:5      | Reached *** piety under Lugonu
  5579 | D:5      | Noticed Prince Ribbit
  5601 | D:5      | Killed Prince Ribbit
  5601 | D:5      | Reached XP level 8. HP: 31/66 MP: 11/11
  5825 | D:5      | Found a glowing silver altar of Zin.
  6008 | D:5      | Found a runed translucent door.
  6009 | D:5      | Noticed Crazy Yiuf
  6587 | D:5      | Killed Crazy Yiuf
  6753 | D:6      | Reached skill level 5 in Armour
  6784 | D:6      | Found a sand-covered staircase.
  6793 | Ossuary  | Entered an ossuary
  6999 | Ossuary  | Reached skill level 5 in Invocations
  7040 | Ossuary  | Reached skill level 5 in Axes
  7305 | Ossuary  | Reached **** piety under Lugonu
  7640 | D:6      | Gained mutation: You possess an exceptional clarity of
                  | mind. [potion of mutation]
  7640 | D:6      | Gained mutation: You are resistant to hostile enchantments.
                  | (MR+) [potion of mutation]
  7769 | D:6      | Noticed Menkaure
  7775 | D:6      | Killed Menkaure
  8299 | D:6      | Reached XP level 9. HP: 73/73 MP: 12/12
  8682 | D:7      | Reached skill level 5 in Fighting
  9545 | D:7      | Noticed Joseph
  9570 | D:7      | Splashed by Joseph's acid

Illustrated notes

Levels and vault maps discovered:
D:1:      shiori_arrival_whats_in_store_for_you, layout_loops_corners
D:2:      layout_loops_ring, lemuel_zombie_altar_yredelemnul,
          old_standard_altar, first_ration
D:3:      lemuel_upstairs_altar, layout_basic, chequers_serial_rivers_large_a,
          kennysheep_generic_room_13
D:4:      layout_cave_pools, minmay_temple_entry_statues_fountains,
          serial_shops, shop, shop, serial_forest, infiniplex_forest_straight_2,
          infiniplex_forest_3_way, infiniplex_forest_side_room,
          infiniplex_forest_straight_3, infiniplex_forest_split,
          infiniplex_forest_clump_double, infiniplex_forest_clump_diagonal
D:5:      layout_loops_ring, kennysheep_mini_moat, nrook_loot_triangle,
          roderic_serpentine_path, uniq_crazy_yiuf_cottage, uniq_edmund,
          uniq_prince_ribbit1
D:6:      layout_basic, nicolae_ossuary_entry_giza, moated_statue, uniq_menkaure
D:7:      layout_basic, nicolae_overflow_hidden_temple, minmay_bent, uniq_joseph

Skill      XL: |  1  2  3  4  5  6  7  8  9 |
---------------+----------------------------+-----
Axes           | 2 3 4 5 6 |  6.5
Dodging        | 1 2 3 |  3.6
Armour         | 2 3 4 5 6 |  6.1
Invocations    | 3 4 5 |  5.9
Fighting       | 4 5 |  5.2
Throwing       | 1 |  1.6

Action                   |  1- 3 |  4- 6 |  7- 9 || total
-------------------------+-------+-------+-------++-------
Melee: Hand axe          |   121 |   136 |   277 ||   534
       Kick              |    21 |    28 |   127 ||   176
       War axe           |       |       |   130 ||   130
Throw: Javelin           |       |     4 |     9 ||    13
Invok: Depart the Abyss  |     1 |       |       ||     1
       Banish            |       |       |     1 ||     1
  Use: Scroll            |     4 |     5 |     8 ||    17
       Potion            |       |     4 |     2 ||     6
  Eat: Chunk             |     3 |     3 |    10 ||    16
       Ration            |       |     1 |     1 ||     2
Armor: Chain mail        |   133 |   101 |   313 ||   547
Dodge: Dodged            |    38 |    30 |    95 ||   163

Table legend:
 A = Non-vault XP
 B = Vault XP
 C = Vault XP percentage of total XP
 D = Non-vault monster count
 E = Vault monster count
 F = Vault count percentage of total count
                 A         B        C        D         E       F
            +---------+---------+-------+---------+---------+-------
      Total |    2960 |    1435 |  32.7 |     129 |      44 |  25.4
            +---------+---------+-------+---------+---------+-------
        D:1 |      40 |       0 |   0.0 |      27 |       0 |   0.0
        D:2 |      48 |       2 |   4.0 |      19 |       2 |   9.5
        D:3 |      39 |       1 |   2.5 |      10 |       1 |   9.1
        D:4 |     119 |     149 |  55.6 |      10 |       1 |   9.1
        D:5 |    1150 |     331 |  22.3 |      26 |       2 |   7.1
        D:6 |     327 |     195 |  37.4 |      11 |       4 |  26.7
        D:7 |    1237 |     298 |  19.4 |      26 |       6 |  18.8
    Ossuary |       0 |     459 | 100.0 |       0 |      28 | 100.0
            +---------+---------+-------+---------+---------+-------
